 Dungeon Crawl Stone Soup version 0.27.1-2-g3b301248ec (webtiles) character file.

Game seed: 7775970888281638308

500 bnorton916 the Conjurer (level 6, -1/32 HPs)
             Began as a Deep Elf Conjurer on Oct 4, 2021.
             Killed from afar by Maggie (21 damage)
             ... with a bolt of fire
             ... on level 6 of the Dungeon.
             The game lasted 00:04:58 (4452 turns).

bnorton916 the Conjurer (Deep Elf Conjurer)         Turns: 4452, Time: 00:04:59

Health: -1/32      AC:  4    Str:  4    XL:     6   Next: 94%
Magic:  14/16      EV: 12    Int: 25    God:
Gold:   100        SH:  0    Dex: 13    Spells: 4/15 levels left

rFire    . . .     SeeInvis .   q - +1 short sword (venom)
rCold    . . .     Faith    .   (no shield)
rNeg     . . .     Spirit   .   a - +0 robe
rPois    .         Reflect  .   v - +0 helmet
rElec    .         Harm     .   l - +0 cloak
rCorr    .         Rampage  .   (no gloves)
Will     +....                  (no boots)
Stlth    ++........             (no amulet)
HPRegen  0.10/turn              o - +4 ring of slaying
MPRegen  0.15/turn              t - ring of willpower

@: no status effects
A: no striking features
a: no special abilities


You were on level 6 of the Dungeon.
You visited 1 branch of the dungeon, and saw 5 of its levels.

You collected 100 gold pieces.

Inventory:

Hand Weapons
 q - a +1 short sword of venom (weapon)
Armour
 a - a +0 robe (worn)
 l - a +0 cloak (worn)
 v - a +0 helmet (worn)
Jewellery
 o - a +4 ring of slaying (left hand)
 t - a ring of willpower (right hand)
Wands
 r - a wand of flame (10)
Scrolls
 b - 2 scrolls of teleportation {unknown}
 d - 2 scrolls of identify {unknown}
 g - a scroll of enchant weapon {unknown}
 h - a scroll of acquirement {unknown}
 k - 4 scrolls of amnesia {unknown}
 n - a scroll of immolation {unknown}
 p - a scroll of magic mapping {unknown}
 u - a scroll of noise {unknown}
Potions
 c - 2 potions of brilliance {unknown}
 e - a potion of mutation {unknown}
 f - 2 potions of curing {unknown}
 i - a potion of degeneration {unknown}
 j - 3 potions of haste {unknown}
 s - a potion of cancellation {unknown}


   Skills:
 - Level 2.4 Dodging
 - Level 2.4 Stealth
 - Level 5.4 Spellcasting
 - Level 5.8 Conjurations
 + Level 4.6 Hexes
 + Level 3.8 Translocations


You had 4 spell levels left.
You knew the following spells:

 Your Spells              Type           Power      Damage    Failure   Level
a - Magic Dart            Conj           100%       1d8       1%          1
b - Searing Ray           Conj           72%        3d6       1%          2
c - Fulminant Prism       Conj/Hex       16%        3d11      9%          4
d - Iskenderun's Mystic   Conj/Tloc      31%        2d8       11%         4

Your spell library contained the following spells:

 Spells                   Type           Power      Damage    Failure   Level
 Dazzling Flash           Conj/Hex       66%        N/A       2%          3


Dungeon Overview and Level Annotations

Branches:
Dungeon (4/15)
 Temple: D:4-7

Altars:
Qazlal
Uskayaw
Wu Jian

Annotations:
D:6 Maggie


Message History

The magic dart hits the iguana but does no damage.
The iguana is moderately wounded.
Casting: Magic Dart (safe; 1% risk of failure)
Confirm with . or Enter, or press ? or * to list all spells.
Aiming: Searing Ray (safe; 1% risk of failure)
Press: ? - help, Shift-Dir - straight line, f/p - iguana
Aim: an iguana (moderately wounded, 83% to hit)
The searing ray hits the iguana.
The iguana is heavily wounded. (Press . to maintain the ray.) Unknown command.
The searing ray hits the iguana!
You kill the iguana!
Unknown command.
You close the door.
You start resting.
Magic restored.
You open the door.
Maggie the Vainglorious comes into view.
She is wielding a +2 vampiric scimitar.
Maggie shouts!
Maggie moves out of view.
Maggie mumbles some strange words.
Maggie attempts to bespell you! You resist with some effort.
There is an open door here.
Casting: Searing Ray (safe; 1% risk of failure)
Confirm with . or Enter, or press ? or * to list all spells.
Aiming: Searing Ray (safe; 1% risk of failure)
Press: ? - help, Shift-Dir - straight line, f - you That beam is likely to hit you.
Continue anyway? [Y]es or [N]o only, please.
That beam is likely to hit you.
Continue anyway? [Y]es or [N]o only, please.
That beam is likely to hit you.
Continue anyway?
The searing ray hits you! (Press . to maintain the ray.) Maggie says, "Leave now, and tell all of Margery's mercy!"
Maggie casts a spell at you. The bolt of fire hits you!!
Ouch! That really hurt!
You die...

#....##..........#...#.
#....#...........#...##
#....#....########.....
#....'....#............
.#######...#............
.......#...#.......#####
.......#...#.......#
#......#...#.......#
#......@...#.......#
#......#...#.......#
#......#...#.....).#
#......#...#.......#
#......#...#
#..@...#...#
#......#...#
#......#...#


You could see Maggie.

Vanquished Creatures
  An ice beast (D:6)
  An ogre (D:4)
  A wyvern skeleton (D:6)
  Crazy Yiuf (D:2)
  An iguana (D:6)
  Jessica (D:2)
  Natasha (thrice) (D:3)
  Robin (D:3)
  3 adders
  A shadow imp (D:6)
  3 worms (D:2)
  A dart slug (D:3)
  An orc (D:3)
  6 ball pythons
  11 endoplasms
  2 giant cockroaches (D:2)
  13 goblins
  4 hobgoblins
  3 quokkas
  3 bats
  2 frilled lizards
  4 rats
67 creatures vanquished.

Vanquished Creatures (others)
  2 fungi (D:2)
2 creatures vanquished.

Grand Total: 69 creatures vanquished

Notes
Turn   | Place    | Note
-------+----------+-------------------------------------------
     0 | D:1      | bnorton916 the Deep Elf Conjurer began the quest for the
                  | Orb.
     0 | D:1      | Reached XP level 1. HP: 10/10 MP: 6/6
   330 | D:1      | Found a faded altar of an unknown god.
   680 | D:1      | Reached XP level 2. HP: 15/15 MP: 4/8
  1344 | D:1      | Learned a level 2 spell: Searing Ray
  1529 | D:2      | Noticed Jessica
  1535 | D:2      | Killed Jessica
  1536 | D:2      | Reached skill level 5 in Conjurations
  1536 | D:2      | Reached XP level 3. HP: 10/19 MP: 4/10
  1941 | D:2      | Reached XP level 4. HP: 24/24 MP: 4/12
  2024 | D:2      | Found a stormy altar of Qazlal.
  2280 | D:2      | Found a runed translucent door.
  2281 | D:2      | Noticed Crazy Yiuf
  2565 | D:2      | Killed Crazy Yiuf
  2566 | D:2      | Reached skill level 5 in Spellcasting
  2670 | D:3      | Found a hide-covered altar of Uskayaw.
  2670 | D:3      | Noticed Robin
  3086 | D:3      | Killed Robin
  3087 | D:3      | Reached XP level 5. HP: 24/28 MP: 8/14
  3276 | D:3      | Learned a level 4 spell: Fulminant Prism
  3281 | D:3      | Learned a level 4 spell: Iskenderun's Mystic Blast
  3340 | D:3      | Noticed Natasha
  3345 | D:3      | Killed Natasha
  3346 | D:3      | Reached skill level 1 in Hexes
  3402 | D:3      | Reached skill level 1 in Translocations
  3599 | D:3      | Noticed Natasha
  3604 | D:3      | Killed Natasha
  3780 | D:3      | Noticed Natasha
  3785 | D:3      | Killed Natasha
  3869 | D:4      | Noticed an ogre
  3874 | D:4      | Killed an ogre
  3875 | D:4      | Reached XP level 6. HP: 32/32 MP: 9/16
  3945 | D:4      | You fall into a shaft and drop 2 floors!
  3964 | D:6      | Found an ornate altar of the Wu Jian Council.
  4255 | D:6      | Noticed an ice beast
  4270 | D:6      | Killed an ice beast
  4450 | D:6      | Noticed Maggie
  4452 | D:6      | Killed from afar by Maggie

Illustrated notes

Levels and vault maps discovered:
D:1:      dpeg_arrival_signposts, layout_basic,
          hellmonk_ecumenical_altar_slurped_away
D:2:      layout_rooms, basic_altar, uniq_jessica, uniq_crazy_yiuf_cottage
D:3:      layout_rooms, nicolae_uskayaw_murder_on_the_dancefloor, fountainhead,
          uniq_robin, uniq_natasha
D:4:      layout_cave_pods, mainiacjoe_overflow_catwalk,
          mainiacjoe_overflow_alcove_2, uniq_sigmund
D:6:      layout_gridville, nemelex_diamond_rough_becter,
          nzn_wu_jian_contemplation, uniq_duvessa, uniq_maggie, uniq_eustachio

Skill      XL: |  1  2  3  4  5  6 |
---------------+-------------------+-----
Spellcasting   | 4 5 |  5.4
Conjurations   | 5 |  5.8
Hexes          | 3 4 |  4.6
Translocations | 2 3 |  3.8
Dodging        | |  2.4
Stealth        | |  2.4

Action                   |  1- 3 |  4- 6 || total
-------------------------+-------+-------++-------
 Cast: Magic Dart        |    46 |    72 ||   118
       Searing Ray       |     3 |    15 ||    18
Armor: Robe              |       |     4 ||     4
Dodge: Dodged            |     4 |    10 ||    14
